Map: Blackpink LE

Players

HeRoMaRinE

  • Race: Terran Terran
  • Spawn Location: 7:00

Trap - Winner!

  • Race: Protoss Protoss
  • Spawn Location: 1:00

Event: IEM Season 12 - Katowice

VOD

Have the link to the VOD?

Description

Time

  • Played on: March 2, 2018, 1:45 p.m.
  • Length: 8:35

All games in this series

Show
View Real Time Build Order
Export as new Build Order

HeRoMaRinE Terran 

Build Orders: Reaper Expand, MMM Bio 

Get SALT Encoding   

  12  0:00  SCV  
  13  0:12  SCV  
  14  0:17  Supply Depot  
  14  0:24  SCV  
  15  0:38  SCV  
  15  0:41  Barracks  
  16  0:43  Refinery  
  16  0:50  SCV  
  17  1:02  SCV  
  18  1:15  SCV  
  19  1:28  Reaper, Orbital Command  
  20  1:41  Command Center  
  20  1:53  Supply Depot  
  20  1:55  SCV  
  21  2:02  Barracks Reactor  
  21  2:08  SCV  
  22  2:19  Command Center  
  22  2:21  SCV  
  23  2:33  SCV, Barracks  
  24  2:38  Marine  
  24  2:39  Marine  
  26  2:45  SCV  
  27  2:56  Marine x2  
  27  2:57  Orbital Command  
  29  3:01  SCV  
  28  3:14  SCV  
  28  3:15  Marine  
  28  3:16  Marine  
  30  3:21  Engineering Bay  
  30  3:23  SCV  
  30  3:26  SCV  
  32  3:32  Barracks Tech Lab  
  32  3:33  Marine  
  32  3:34  Orbital Command  
  32  3:36  SCV  
  32  3:37  Marine  
  32  3:38  SCV  
  35  3:47  Missile Turret  
  35  3:48  SCV  
  36  3:50  SCV  
  36  3:52  Marine  
  36  3:53  Stimpack, Marine  
  36  3:55  Marine  
  39  3:57  Terran Infantry Weapons Level 1  
  39  3:59  SCV  
  39  4:02  SCV  
  42  4:04  SCV  
  42  4:07  Refinery  
  43  4:10  Marine  
  43  4:11  SCV  
  43  4:12  Marine  
  43  4:14  SCV  
  43  4:15  Factory  
  47  4:18  SCV  
  47  4:20  Missile Turret  
  47  4:23  SCV, Marine  
  50  4:28  Marine  
  50  4:29  SCV  
  50  4:30  SCV, Marine, Barracks  
  54  4:33  Supply Depot  
  54  4:36  SCV  
  55  4:41  SCV, Refinery x2  
  55  4:43  SCV  
  55  4:45  Supply Depot  
  57  4:48  SCV, Marauder  
  57  4:49  Marine  
  61  4:55  SCV x2, Marine  
  64  5:00  SCV, Factory Reactor  
  64  5:02  Starport  
  65  5:10  Marauder  
  65  5:12  Marine, Barracks  
  65  5:13  Marine, Barracks  
  69  5:16  Orbital Command  
  69  5:18  Barracks Tech Lab  
  69  5:23  Supply Depot x2  
  69  5:30  Marine x2  
  69  5:32  Missile Turret, Marauder  
  69  5:34  Supply Depot  
  73  5:36  Combat Shields  
  73  5:38  Marauder  
  75  5:48  Marine x2  
  75  5:49  Medivac x2  
  81  5:51  Factory Reactor  
  81  5:53  Marauder  
  81  5:55  Concussive Shells  
  83  5:57  Terran Infantry Armor Level 1  
  83  5:59  Supply Depot  
  83  6:02  Barracks Tech Lab  
  83  6:03  Barracks Reactor  
  83  6:04  Marauder  
  83  6:06  Missile Turret, Marine x2  
  87  6:13  Supply Depot  
  87  6:14  Marauder  
  87  6:15  Supply Depot  
  89  6:24  Marine x2  
  89  6:25  Medivac  
  93  6:26  Marauder  
  93  6:27  Marauder  
  93  6:30  Widow Mine x2, Supply Depot  
  101  6:34  Medivac  
  101  6:37  Marauder  
  101  6:38  Supply Depot  
  105  6:40  Marine  
  105  6:41  Marine  
  105  6:44  Marine x2  
  109  6:49  Marauder  
  109  6:50  Marauder  
  112  6:58  Marine x2  
  112  6:59  Marauder  
  116  7:06  Marine  
  116  7:07  Marine, Medivac  
  116  7:08  Medivac  
  120  7:10  Marauder  
  120  7:11  Widow Mine x2  
  120  7:12  Marauder  
  128  7:21  Marine x2, Marauder  
  131  7:24  Marine x2  
  133  7:32  Marauder  
  133  7:33  Marauder  
  136  7:39  Marine x2  
  136  7:42  Marine, Marauder  
  136  7:43  Marine  
  141  7:47  Supply Depot  
  141  7:53  Marauder  
  141  7:54  Marine  
  141  7:56  Marine x2  
  138  8:00  Marine  
  138  8:01  Marine  
  138  8:04  Marauder  
  128  8:10  Widow Mine x2  
  128  8:12  Marine  
Show
View Real Time Build Order
Export as new Build Order

Trap Protoss - Winner!

Build Orders: 1 Gate Expand, Oracle Opening, Colossus Rush 

Get SALT Encoding   

  12  0:00  Probe  
  13  0:12  Probe  
  14  0:17  Pylon  
  14  0:24  Probe (Chrono Boost)  
  15  0:37  Probe (Chrono Boost)  
  15  0:38  Gateway  
  16  0:45  Probe (Chrono Boost)  
  16  0:48  Assimilator  
  17  0:51  Probe  
  18  1:03  Probe  
  19  1:15  Probe  
  20  1:25  Nexus  
  20  1:34  Cybernetics Core  
  20  1:37  Probe  
  21  1:45  Assimilator  
  21  1:49  Probe  
  21  1:53  Pylon  
  22  2:01  Probe  
  23  2:10  Adept (Chrono Boost)  
  23  2:13  Probe  
  26  2:20  Stargate  
  26  2:25  Probe  
  26  2:26  Warp Gate  
  26  2:28  Adept (Chrono Boost)  
  29  2:37  Probe (Chrono Boost)  
  29  2:43  Probe (Chrono Boost)  
  31  2:46  Probe (Chrono Boost)  
  31  2:48  Adept  
  31  2:51  Probe (Chrono Boost)  
  35  2:55  Probe  
  36  3:02  Probe  
  37  3:05  Oracle (Chrono Boost)  
  37  3:09  Probe  
  41  3:14  Probe  
  39  3:21  Probe  
  39  3:26  Probe  
  39  3:34  Probe  
  39  3:35  Pylon  
  39  3:38  Probe  
  43  3:44  Nexus  
  43  3:47  Probe  
  44  3:50  Probe  
  45  3:56  Gateway  
  45  3:59  Probe  
  45  4:01  Oracle  
  45  4:02  Probe  
  48  4:07  Assimilator  
  48  4:09  Assimilator  
  48  4:11  Probe  
  48  4:14  Probe, Robotics Facility  
  50  4:19  Pylon  
  50  4:23  Probe (Chrono Boost)  
  51  4:26  Probe (Chrono Boost), Pylon  
  52  4:35  Probe (Chrono Boost)  
  54  4:39  Probe (Chrono Boost)  
  54  4:43  Probe (Chrono Boost)  
  54  4:44  Probe (Chrono Boost)  
  56  4:47  Sentry  
  56  4:50  Pylon  
  56  4:51  Probe (Chrono Boost)  
  59  4:56  Probe (Chrono Boost)  
  59  4:57  Probe (Chrono Boost)  
  61  5:01  Robotics Bay  
  61  5:03  Forge  
  61  5:06  Probe x2 (Chrono Boost), Twilight Council  
  64  5:08  Probe (Chrono Boost)  
  64  5:09  Sentry  
  64  5:13  Probe, Gateway  
  67  5:15  Gateway  
  67  5:16  Probe  
  67  5:17  Probe  
  70  5:21  Observer (Chrono Boost)  
  70  5:25  Probe  
  70  5:27  Zealot  
  73  5:29  Probe x2, Shield Battery  
  73  5:34  Observer (Chrono Boost)  
  76  5:38  Probe  
  77  5:47  Protoss Ground Weapons Level 1  
  77  5:50  Probe x3, Colossus (Chrono Boost)  
  77  5:53  Assimilator  
  77  5:54  Gateway, Assimilator  
  77  5:55  Extended Thermal Lance  
  84  5:58  Gateway  
  84  6:01  Zealot, Blink (Chrono Boost)  
  84  6:02  Zealot  
  88  6:05  Pylon  
  88  6:14  Pylon  
  88  6:26  Stalker x4  
  88  6:32  Shield Battery  
  96  6:33  Shield Battery  
  96  6:35  Pylon  
  96  6:39  Colossus (Chrono Boost)  
  102  6:50  Zealot x3  
  108  7:05  Gateway  
  108  7:07  Gateway  
  108  7:08  Stalker x2  
  108  7:09  Stalker  
  108  7:10  Stalker  
  108  7:14  Pylon  
  116  7:19  Pylon  
  116  7:32  Colossus  
  116  7:33  Pylon  
  116  7:36  Pylon  
  122  7:38  Zealot x4  
  122  7:39  Zealot  
  122  7:42  Templar Archives  
  128  8:01  Stalker x4  
  128  8:02  Stalker  
  128  8:04  Zealot x3  
  128  8:09  Probe x2 (Chrono Boost)  
  124  8:15  Probe (Chrono Boost)  
  124  8:18  Probe x2 (Chrono Boost)  
  122  8:22  Probe (Chrono Boost)  
  122  8:26  Stalker x3  

Tags
 
Add a new tag
Caveats
  • Supply blocks, unpowered buildings, or Contaminate may cause inaccurate times.
  • Supply counts are checked every 10 seconds.